Map: [ESL] Oceanborn

Players

trigger - Winner!

  • Race: Protoss Protoss
  • League: Master
  • Spawn Location: 11:00

DieMauer (ShoWTimE)

  • Race: Protoss Protoss
  • League: Grandmaster
  • Spawn Location: 5:00

Event: Bellum Gens Elite Stara Zagora 2024

VOD

Have the link to the VOD?

Description

Time

  • Played on: Sept. 6, 2024, 6:20 a.m.
  • Length: 8:54

All games in this series

Show
View Real Time Build Order
Export as new Build Order

trigger Protoss - Winner!

Build Orders: Phoenix Opening 

Get SALT Encoding   

  12  0:00  Probe  
  13  0:12  Probe  
  14  0:17  Pylon  
  14  0:24  Probe (Chrono Boost)  
  15  0:36  Probe (Chrono Boost)  
  15  0:37  Gateway  
  16  0:44  Probe (Chrono Boost)  
  16  0:46  Assimilator  
  17  0:51  Probe  
  17  0:54  Assimilator  
  18  1:03  Probe (Chrono Boost)  
  19  1:07  Gateway  
  19  1:13  Probe (Chrono Boost)  
  19  1:18  Probe (Chrono Boost)  
  20  1:24  Cybernetics Core  
  21  1:32  Pylon  
  21  1:33  Probe  
  22  1:45  Probe  
  23  1:57  Probe  
  24  2:02  Adept x2, Warp Gate  
  28  2:14  Pylon  
  28  2:18  Stargate  
  28  2:32  Adept x2  
  32  2:52  Nexus  
  32  3:03  Phoenix (Chrono Boost)  
  34  3:18  Shield Battery  
  32  3:21  Phoenix (Chrono Boost)  
  32  3:23  Probe  
  35  3:36  Probe  
  35  3:37  Phoenix  
  38  3:48  Probe  
  35  3:54  Adept  
  37  4:02  Shield Battery  
  38  4:03  Probe (Chrono Boost)  
  38  4:05  Probe (Chrono Boost)  
  39  4:15  Stalker x2  
  39  4:16  Probe x2 (Chrono Boost)  
  45  4:24  Probe  
  45  4:31  Probe  
  45  4:36  Probe  
  43  4:40  Stalker  
  43  4:44  Probe (Chrono Boost)  
  46  4:51  Twilight Council  
  43  4:54  Probe (Chrono Boost)  
  43  4:55  Probe (Chrono Boost)  
  43  5:02  Probe (Chrono Boost)  
  43  5:04  Stalker x2  
  43  5:07  Probe (Chrono Boost)  
  49  5:19  Probe (Chrono Boost)  
  49  5:20  Probe (Chrono Boost)  
  51  5:27  Probe (Chrono Boost)  
  51  5:28  Blink (Chrono Boost)  
  53  5:29  Probe (Chrono Boost)  
  53  5:30  Pylon  
  53  5:32  Probe (Chrono Boost)  
  53  5:35  Assimilator  
  54  5:36  Pylon  
  54  5:43  Gateway  
  54  5:48  Probe x2  
  56  5:50  Stalker  
  58  5:58  Stalker  
  58  6:01  Probe x2  
  58  6:04  Pylon  
  62  6:05  Gateway  
  62  6:13  Stalker  
  64  6:21  Gateway  
  64  6:22  Pylon  
  64  6:24  Stalker  
  66  6:36  Gateway  
  66  6:38  Stalker x2  
  70  6:50  Stalker  
  72  6:57  Pylon  
  72  7:01  Stalker x3  
  78  7:15  Stalker  
  80  7:16  Stalker  
  82  7:25  Stalker x3  
  88  7:30  Stalker  
  82  7:49  Stalker  
  82  7:50  Stalker x4  
  88  7:55  Stalker  
  80  8:13  Stalker x3, Zealot x2  
  82  8:32  Nexus  
  78  8:35  Stalker x3  
Show
View Real Time Build Order
Export as new Build Order

DieMauer Protoss 

Build Orders: Blink Stalkers 

Get SALT Encoding   

  12  0:00  Probe  
  13  0:12  Probe  
  14  0:17  Pylon  
  14  0:24  Probe (Chrono Boost)  
  15  0:36  Gateway, Probe (Chrono Boost)  
  16  0:44  Probe (Chrono Boost)  
  16  0:45  Assimilator  
  17  0:50  Probe  
  18  1:03  Probe (Chrono Boost)  
  19  1:04  Assimilator  
  19  1:10  Gateway  
  19  1:14  Probe (Chrono Boost)  
  20  1:18  Probe (Chrono Boost)  
  20  1:23  Cybernetics Core  
  21  1:29  Probe  
  22  1:35  Pylon  
  22  1:41  Probe  
  23  1:53  Probe  
  24  1:57  Warp Gate (Chrono Boost)  
  24  2:00  Adept x2  
  28  2:10  Pylon  
  28  2:26  Pylon  
  28  2:29  Adept  
  28  2:30  Adept  
  32  2:45  Nexus  
  32  2:49  Probe  
  33  2:59  Adept  
  33  3:01  Adept  
  37  3:10  Pylon  
  37  3:22  Probe  
  37  3:25  Twilight Council  
  38  3:36  Probe  
  38  3:40  Sentry x2  
  38  3:49  Probe (Chrono Boost)  
  39  3:56  Blink (Chrono Boost)  
  39  3:59  Probe (Chrono Boost)  
  39  4:01  Probe (Chrono Boost)  
  41  4:03  Probe (Chrono Boost)  
  41  4:06  Sentry  
  44  4:10  Probe  
  44  4:16  Probe (Chrono Boost)  
  46  4:22  Probe (Chrono Boost)  
  46  4:23  Stalker  
  49  4:33  Probe x2 (Chrono Boost)  
  49  4:38  Probe (Chrono Boost)  
  45  4:39  Probe (Chrono Boost)  
  41  4:48  Probe  
  41  4:51  Probe  
  42  4:59  Stalker  
  44  5:00  Probe  
  44  5:03  Probe  
  44  5:10  Stalker  
  44  5:12  Probe  
  45  5:15  Probe  
  45  5:24  Probe  
  45  5:25  Stalker  
  45  5:27  Probe  
  48  5:33  Stalker  
  50  5:36  Probe  
  50  5:37  Pylon  
  50  5:40  Probe  
  52  5:49  Nexus  
  52  5:51  Probe  
  52  5:53  Probe (Chrono Boost)  
  53  6:00  Stalker  
  53  6:01  Stalker  
  53  6:03  Probe (Chrono Boost)  
  58  6:12  Probe (Chrono Boost)  
  58  6:13  Probe (Chrono Boost)  
  58  6:18  Probe x2 (Chrono Boost)  
  60  6:19  Assimilator  
  60  6:24  Forge  
  60  6:30  Probe (Chrono Boost)  
  60  6:32  Probe (Chrono Boost)  
  62  6:40  Stalker x2  
  62  6:42  Probe (Chrono Boost)  
  62  6:43  Shield Battery  
  68  6:48  Probe (Chrono Boost)  
  68  6:49  Probe (Chrono Boost)  
  68  6:54  Robotics Facility  
  68  6:56  Probe (Chrono Boost)  
  68  6:59  Probe (Chrono Boost)  
  70  7:01  Probe (Chrono Boost)  
  70  7:02  Gateway  
  70  7:07  Stalker  
  74  7:11  Probe x2 (Chrono Boost)  
  74  7:12  Probe (Chrono Boost)  
  74  7:13  Stalker  
  78  7:16  Probe (Chrono Boost)  
  78  7:19  Probe  
  78  7:20  Probe  
  78  7:22  Pylon  
  81  7:27  Pylon  
  81  7:28  Probe  
  82  7:31  Probe  
  82  7:32  Probe, Pylon  
  80  7:40  Stalker x2, Probe  
  80  7:43  Probe  
  78  7:50  Immortal (Chrono Boost)  
  74  7:52  Shield Battery  
  74  7:57  Stalker  
  80  8:03  Stalker x2  
  80  8:04  Probe  
  76  8:06  Probe  
  66  8:21  Stalker  
  66  8:23  Pylon  
  68  8:27  Stalker x2  
  68  8:32  Probe  
Tags
 
Add a new tag
Caveats
  • Supply blocks, unpowered buildings, or Contaminate may cause inaccurate times.
  • Supply counts are checked every 10 seconds.